 Dungeon Crawl Stone Soup version 0.27-a0-720-g3f424a255b (webtiles) character file.

Game seed: 18067632951708849298

259 Anathary the Slasher (level 6, -10/38 HPs)
             Began as a Tengu Berserker on Mar 23, 2021.
             Was a Priest of Trog.
             Killed by nerve-wracking pain
             ... invoked by an orc priest
              (14 damage)
             ... on level 3 of the Dungeon.
             The game lasted 00:08:53 (2115 turns).

Anathary the Slasher (Tengu Berserker)              Turns: 2115, Time: 00:08:54

Health: -10/38     AC:  8    Str: 18    XL:     6   Next: 17%
Magic:  7/7        EV: 12    Int:  7    God:    Trog [***...]
Gold:   136        SH:  0    Dex: 15    Spells: 5/5 levels left

rFire    . . .     SeeInvis .   a - +0 falchion
rCold    . . .     Faith    .   (no shield)
rNeg     . . .     Spirit   .   e - +0 ring mail
rPois    .         Reflect  .   (helmet restricted)
rElec    .         Harm     .   (no cloak)
rCorr    .         Rampage  .   c - +2 pair of gloves
Will     .....                  (boots unavailable)
Stlth    +.........             f - amulet of regeneration
HPRegen  1.12/turn              (no ring)
MPRegen  0.10/turn              (no ring)

@: no status effects
A: beak, talons 3, able to fly
a: Fly, Renounce Religion, Berserk, Trog's Hand


You were on level 3 of the Dungeon.
You worshipped Trog.
Trog was most pleased with you.
You visited 1 branch of the dungeon, and saw 5 of its levels.

You collected 136 gold pieces.

Inventory:

Hand Weapons
 a - a +0 falchion (weapon)
Armour
 c - a +2 pair of gloves (worn)
 e - a +0 ring mail (worn)
Jewellery
 f - an amulet of regeneration (around neck)
Scrolls
 d - 3 scrolls of identify {unknown}
 g - a scroll of magic mapping {unknown}
 i - a scroll of enchant armour {unknown}
Potions
 b - a potion of curing {unknown}
 h - a potion of mutation {unknown}


   Skills:
 + Level 4.0 Fighting
 + Level 5.6 Long Blades
 + Level 3.1 Armour
 + Level 3.5 Dodging


You had 5 spell levels left.
You didn't know any spells.
Your spell library was empty.

Dungeon Overview and Level Annotations

Branches:
Dungeon (5/15)
 Temple: D:4-7

Altars:
Gozag
Nemelex Xobeh
Okawaru
Trog
Xom


Innate Abilities, Weirdness & Mutations

You have a beak for a mouth.
You have claws for feet.
You can fly continuously.


Message History

The worm bites you. The orc hits you but does no damage.
You hit the orc priest. You claw the orc priest.
You kill the orc priest!
Trog accepts your kill. The orc closely misses you. The worm barely misses you.
Your Fighting skill increases to level 4!
You hit the orc priest but do no damage.
Your kick misses the orc priest.
The orc priest hits you but does no damage.
The orc closely misses you. The orc barely misses you.
You hit the orc priest. You claw the orc priest!
The orc priest is severely wounded.
The orc priest hits you with a +0 club. The worm closely misses you.
The orc barely misses you.
You riposte.
You barely miss the orc. You closely miss the orc priest.
Your kick misses the orc priest.
The orc priest is severely wounded.
The orc priest mumbles some strange prayers to Beogh against you.
You barely resist. The orc hits you with a +0 falchion.
The orc barely misses you.
You riposte.
You slash the orc!
You kill the orc!
Trog accepts your kill. The orc hits you but does no damage.
The worm bites you.
You hit the orc priest but do no damage.
The orc priest is severely wounded.
The orc priest barely misses you. The orc hits you but does no damage.
The orc hits you with a +0 club.
You completely miss the orc priest.
You peck the orc priest, but do no damage.
The orc priest is severely wounded.
The orc priest calls down the wrath of Beogh upon you.
Beogh smites you!
* * * LOW HITPOINT WARNING * * *
The orc barely misses you. The worm bites you.
* * * LOW HITPOINT WARNING * * *
The orc closely misses you.
You hit the orc priest. Your kick misses the orc priest.
The orc priest is severely wounded.
The orc priest calls down the wrath of Beogh upon you.
Pain shoots through your body!
You die...

#.......#.# #^...+......
###.......# ######......
######'###..# ####...
#......#....# #.##
#......####.#############.##
#..........>................
#......##...................
#.....)##.........#########.
#......##.o@w.....# #.
#......##.)oo.....# #.
#......##.........# #.
#......##.........# #.
#########.........# #.
#?........# ## #.........#
#.........#


You could see a worm, an orc priest and 2 orcs.

Vanquished Creatures
  An ogre (D:3)
  An orc priest (D:3)
  A worker ant (D:4)
  5 adders
  2 dart slugs
  6 orcs (D:3)
  6 ball pythons
  7 bats
  3 giant cockroaches
  4 goblins
  5 hobgoblins
  7 jackals (D:1)
  4 oozes
  3 quokkas
  3 frilled lizards
  5 kobolds
  3 rats
66 creatures vanquished.

Notes
Turn   | Place    | Note
-------+----------+-------------------------------------------
     0 | D:1      | Anathary the Tengu Berserker began the quest for the Orb.
     0 | D:1      | Reached XP level 1. HP: 14/14 MP: 2/2
   201 | D:1      | Reached XP level 2. HP: 13/19 MP: 3/3
   535 | D:1      | Reached XP level 3. HP: 23/23 MP: 4/4
   677 | D:1      | Reached ** piety under Trog
  1058 | D:2      | Reached skill level 4 in Long Blades
  1194 | D:2      | Found an opulent altar of Gozag.
  1416 | D:2      | Reached XP level 4. HP: 26/29 MP: 5/5
  1448 | D:2      | Found a sparkling altar of Nemelex Xobeh.
  1713 | D:3      | Found a bloodstained altar of Trog.
  1811 | D:3      | You fall into a shaft and drop 2 floors!
  1811 | D:5      | Entered Level 5 of the Dungeon
  1811 | D:5      | Found a shimmering altar of Xom.
  1812 | D:5      | Noticed a sky beast
  1827 | D:4      | Found an iron altar of Okawaru.
  1886 | D:4      | Gained mutation: You can fly continuously. [Tengu growth]
  1886 | D:4      | Reached XP level 5. HP: 18/33 MP: 6/6
  1980 | D:3      | Reached *** piety under Trog
  2065 | D:3      | Noticed an ogre
  2070 | D:3      | Killed an ogre
  2071 | D:3      | Reached skill level 5 in Long Blades
  2071 | D:3      | Reached XP level 6. HP: 34/38 MP: 7/7
  2115 | D:3      | Killed from afar by an orc priest

Illustrated notes

Levels and vault maps discovered:
D:1:      erik_arrival_triangle_small, layout_basic,
          chequers_serial_rivers_small_3, serial_park_tiny_1,
          minmay_splitting_lines
D:2:      layout_basic, nemelex_altar_shiori, nicolae_gozag_seed_capital
D:3:      layout_basic, bloody_trog
D:4:      layout_loops_ring, nicolae_vehumet_radiance, lemuel_round_altar,
          chequers_temple_overflow_statue_of_worship,
          kennysheep_okawaru_gauntlet, uniq_menkaure
D:5:      layout_loops_ring, general_overflow_altar, lemuel_temple_firewalk_a,
          grunt_qazlal_sundering, uniq_duvessa, uniq_grinder

Skill      XL: |  1  2  3  4  5  6 |
---------------+-------------------+-----
Long Blades    | 4 5 |  5.6
Dodging        | 3 |  3.5
Armour         | 3 |  3.1
Fighting       | 4 |  4.0

Action                   |  1- 3 |  4- 6 || total
-------------------------+-------+-------++-------
Melee: Falchion          |    74 |    57 ||   131
       Kick              |    15 |    21 ||    36
       Peck              |     7 |    11 ||    18
Invok: Berserk           |     1 |       ||     1
Armor: Animal skin       |    10 |       ||    10
       Ring mail         |    12 |    21 ||    33
Dodge: Dodged            |    54 |    46 ||   100
       Rpst.: Falchion   |    19 |    11 ||    30

Table legend: (Time is in decaauts)
 A = Elapsed time spent in this place.
 B = Non-inter-level travel time spent in this place.
 C = Inter-level travel time spent in this place.
 D = Time resting spent in this place.
 E = Time spent auto-exploring this place.
 F = Levels seen in this place.
 G = Mean time per level.
                   A        B        C        D        E       F      G
               +--------+--------+--------+--------+--------+-----+--------+
         Total |   2139 |   2097 |     42 |    305 |   1030 |   5 |  427.8 |
       Dungeon |   2139 |   2097 |     42 |    305 |   1030 |   5 |  427.8 |
               +--------+--------+--------+--------+--------+-----+--------+

Top non-repeatable levels by time:
     D:1: 1007 daAuts
     D:2: 725 daAuts
     D:3: 294 daAuts
     D:4: 107 daAuts
     D:5: 3 daAuts
